 Dungeon Crawl Stone Soup version 0.24.0-123-gd5b16e6ec5 (webtiles) character file.

Game seed: 6587141500666851591, levelgen mode: deterministic

14 Emblim88 the Chiller (level 2, 13/19 HPs)
             Began as a Merfolk Ice Elementalist on Jan 12, 2020.
             Got out of the dungeon alive.
             The game lasted 00:01:25 (386 turns).

Emblim88 the Chiller (Merfolk Ice Elementalist)      Turns: 386, Time: 00:01:25

Health: 13/19      AC:  2    Str:  8    XL:     2   Next: 41%
Magic:  5/5        EV: 13    Int: 14    God:
Gold:   5          SH:  0    Dex: 14    Spells: 2/5 levels left

rFire    . . .     SeeInvis .   (no weapon)
rCold    . . .     Gourm    .   (no shield)
rNeg     . . .     Faith    .   a - +0 robe
rPois    .         Spirit   .   (no helmet)
rElec    .         Reflect  .   (no cloak)
rCorr    .         Harm     .   (no gloves)
MR       .....                  (no boots)
Stlth    ++........             (no amulet)
HPRegen  0.06/turn              (no ring)
MPRegen  0.09/turn              (no ring)

@: no status effects
A: change form in water, swift swim, stealthy swim
a: no special abilities


You escaped.
You were not hungry.

You visited 1 branch of the dungeon, and saw 1 of its levels.

You collected 5 gold pieces.

Inventory:

Armour
 a - a +0 robe (worn)
Scrolls
 d - a scroll of magic mapping {unknown}
Potions
 b - a potion of heal wounds {unknown}
 e - a potion of lignification {unknown}
 f - a potion of agility {unknown}
Comestibles
 c - 2 rations


   Skills:
 + Level 3.0 Dodging
 + Level 2.4 Stealth
 + Level 2.1 Spellcasting
 - Level 0.7 Conjurations
 * Level 3.6 Ice Magic


You had 2 spell levels left.
You knew the following spells:

 Your Spells              Type           Power        Failure   Level  Hunger
a - Freeze                Ice            ##..         5%          1    #......
b - Throw Frost           Conj/Ice       #.....       14%         2    ###....

Your spell library contained the following spells:

 Spells                   Type           Power        Failure   Level  Hunger
 Ozocubu's Armour         Chrm/Ice       #.......     32%         3    ###....
 Throw Icicle             Conj/Ice       #.......     67%         4    #####..
 Summon Ice Beast         Ice/Summ       #.......     73%         4    #####..


Dungeon Overview and Level Annotations

Branches:
Dungeon (1/15)

Altars:


Message History

The kobold is heavily wounded.
The kobold hits you with a +2 short sword of speed.
You hit the kobold.
You kill the kobold!
Things that are here:
a +2 short sword of speed; a +0 club; a kobold corpse
Okay, then.
You see here a rat corpse.
You see here a frilled lizard corpse.
The goblin is too close now for your liking.
The goblin shouts!
Unknown command.
Your legs become a tail as you enter the water.
Your legs become a tail as you enter the water.
The goblin is too close now for your liking.
There is a staircase leading out of the dungeon here.
Are you sure you want to leave the Dungeon?
This will make you lose the game!
Alright, then stay!
Are you sure you want to leave the Dungeon?
This will make you lose the game!
You have escaped!

########≈≈≈≈≈≈≈≈≈≈## #.# #
..###≈≈≈≈≈≈≈≈≈≈≈≈#### #.### #.
#.##≈≈≈≈≈≈≈≈≈≈≈≈≈≈..# #....
#.#####.#≈≈≈8≈≈≈≈≈≈≈≈8≈≈≈.#######
#.....#..≈≈≈≈≈≈≈≈≈≈≈≈≈≈≈≈........
#.#......≈≈≈≈...≈≈≈≈≈≈≈≈≈..###..#
#.#.......≈≈.≈≈≈.≈≈≈≈≈≈≈≈........
#......##≈.g≈≈≈≈.>≈≈≈≈≈≈≈..###.##
.........≈≈≈≈≈≈≈@.≈≈≈≈..≈..# #.#
.......#.≈≈≈≈≈≈≈≈.≈≈≈.≈≈...# #.#
..#...##.≈≈≈≈≈≈≈≈≈...≈≈≈≈..# #.#
..##.###.≈≈≈≈≈≈≈≈≈≈≈≈≈≈≈≈..# #.#
..##.####≈≈≈8≈≈≈≈≈≈≈≈8≈≈≈..# #.#
#.#...# ##≈≈≈≈≈≈≈≈≈≈≈≈≈≈#..# #.#
#..###.# ##≈≈≈≈≈≈≈≈≈≈≈≈##..# #..
#..# .# ##≈≈≈≈≈≈≈≈≈≈.##..#
#..###.# ###.#######.##..#


You could see a goblin.

Vanquished Creatures
  A dart slug (D:1)
  A bat (D:1)
  A giant cockroach (D:1)
  A goblin (D:1)
  A frilled lizard (D:1)
  4 kobolds (D:1)
  3 rats (D:1)
12 creatures vanquished.

Notes
Turn   | Place    | Note
-------+----------+-------------------------------------------
     0 | D:1      | Emblim88 the Merfolk Ice Elementalist began the quest for
                  | the Orb.
     0 | D:1      | Reached XP level 1. HP: 13/13 MP: 3/3
   154 | D:1      | Reached XP level 2. HP: 19/19 MP: 0/5
   158 | D:1      | Learned a level 2 spell: Throw Frost
   386 | D:$      | Got out of the dungeon alive.

Levels and vault maps discovered:
D:1:      nzn_arrival_water_spiral, layout_loops_ring, supply_closet_lemuel

Skill      XL: |  1  2 |
---------------+-------+-----
Dodging        | 3 |  3.0
Stealth        | |  2.4
Spellcasting   | |  2.1
Conjurations   | |  0.7
Ice Magic      | |  3.6

Action                   || total
-------------------------++-------
Melee: Unarmed           ||     2
 Cast: Freeze            ||    17
Armor: Robe              ||     3
Dodge: Dodged            ||     8
